AoeStats
← Jayklops

Arabia

510950052Analyzed
1v1 RM · 17h ago on Oct 3, 2026· 65m 58s· 2 players
Game mode
Random Map
Map size
Tiny (2 player)
Population
200
Speed
Normal
Resources
Standard
Victory
Conquest
Starting age
Dark Age
Ending age
Imperial Age
RankedLock teamsTeams togetherTeam positionsShared explorationLock speedFull tech treeHidden civsTurbo modeCheats
Victory
Defeat
🇩🇪 Magyars · Germany
1914
+18
🇭🇰 Vikings · Hong Kong SAR China
1961
-18
Jayklops
6:16 Loom
8:52 Feudal Age
10:38 Double-Bit Axe
11:23 Horse Collar
19:55 Fletching
23:41 Castle Age
24:06 Bloodlines
24:02 Scale Barding Armor
24:53 Bow Saw
24:49 Heavy Plow
25:27 Wheelbarrow
37:06 Imperial Age
34:57 Husbandry
34:58 Bodkin Arrow
35:09 Padded Archer Armor
36:24 Masonry
37:25 Ballistics
37:48 Bracer
40:53 Chemistry
39:28 Heavy Cavalry Archer
40:14 Thumb Ring
40:25 Light Cavalry
42:44 Leather Archer Armor
46:25 Ring Archer Armor
48:29 Parthian Tactics
48:37 Chain Barding Armor
49:01 Capped Ram
51:19 Hussar
59:10 Crop Rotation
-GNG-OverHabit
8:02 Loom
10:27 Feudal Age
11:01 Double-Bit Axe
15:08 Fletching
19:48 Castle Age
19:22 Gold Mining
19:12 Horse Collar
20:38 Bodkin Arrow
20:56 Scale Barding Armor
20:20 Crossbowman
21:27 Bow Saw
22:26 Ballistics
28:52 Horse Collar
31:01 Heavy Plow
35:02 Imperial Age
32:29 Pikeman
33:18 Padded Archer Armor
33:24 Scale Barding Armor
34:18 Scale Mail Armor
34:41 Squires
34:53 Forging
35:21 Chain Mail Armor
35:46 Bracer
35:53 Bracer
36:55 Chemistry
37:13 Elite Skirmisher
38:13 Leather Archer Armor
41:21 Ring Archer Armor
41:43 Gold Shaft Mining
42:57 Arbalester
47:09 Plate Mail Armor
47:15 Iron Casting
46:57 Bogsveigar
48:54 Chieftains
49:15 Conscription
51:00 Capped Ram
53:50 Blast Furnace
52:27 Siege Ram
52:29 Heavy Scorpion
53:16 Heavy Scorpion
54:04 Siege Engineers
55:57 Arson
56:18 Scale Barding Armor
Connection lost

Rejoining the realm…

Still unreachable

The connection could not be restored.

Session expired

The server has moved on; the page needs a fresh start.